 Dungeon Crawl Stone Soup version 0.31-a0-277-g31ea1f6 (webtiles) character file.

Game seed: 171921003928926100

4424 Dawnplanks the Basher (level 10, 0/88 HPs)
             Began as a Minotaur Fighter on July 15, 2023.
             Was a Believer of Nemelex Xobeh.
             Slain by Erica
             ... wielding a +1 scimitar of flaming
              (5 damage)
             ... on level 8 of the Dungeon.
             The game lasted 00:16:34 (7206 turns).

Dawnplanks the Basher (Minotaur Fighter)            Turns: 7206, Time: 00:16:34

Health: 0/88       AC: 17    Str: 26    XL:     10   Next: 14%
Magic:  4/4        EV:  7    Int:  5    God:    Nemelex Xobeh [**....]
Gold:   450        SH:  4    Dex:  9    Spells: 9/9 levels left

rFire   + . .        f - +4 whip (antimagic)
rCold   + . .        c - +0 buckler
rNeg    . . .        h - +0 plate armour
rPois   +            (helmet restricted)
rElec   +            p - +0 cloak
rCorr   +            (no gloves)
SInv    .            C - +0 pair of boots
Will    .....        (no amulet) Stlth
                     (no ring)
HPRegen 0.34/turn    (no ring)
MPRegen 0.09/turn

%: no passive effects
@: resistant, invisible
A: horns 2, retaliatory headbutt
a: Renounce Religion, Draw Escape, Draw Destruction, Draw Summoning


You were on level 8 of the Dungeon.
You worshipped Nemelex Xobeh.
Nemelex Xobeh was pleased with you.
You visited 2 branches of the dungeon, and saw 9 of its levels.

You collected 450 gold pieces.

Inventory:

Hand Weapons
 a - a +0 flail
 f - a +4 antimagic whip (weapon)
Missiles
 u - 4 boomerangs (quivered)
Armour
 b - a +0 scale mail
 c - a +0 buckler (worn)
 h - a +0 plate armour (worn)
 p - a +0 cloak (worn)
 y - a +2 ring mail of fire resistance
 C - a +0 pair of boots (worn)
Wands
 x - a wand of flame (43)
 z - a wand of polymorph (10)
 B - a wand of paralysis (15)
Scrolls
 d - 2 scrolls of poison {unknown}
 g - a scroll of enchant weapon {unknown}
 j - 2 scrolls of revelation {unknown}
 k - a scroll of enchant armour {unknown}
 m - a scroll of blinking {unknown}
 o - a scroll of fear {unknown}
 s - 2 scrolls of vulnerability {unknown}
 v - 2 scrolls of torment {unknown}
 D - a scroll of fog {unknown}
Potions
 e - 5 potions of lignification
 l - a potion of enlightenment
 n - a potion of haste
 w - a potion of brilliance
 A - 2 potions of mutation {unknown}


   Skills:
 + Level 8.2 Fighting
 + Level 10.9 Maces & Flails
 + Level 10.1 Armour
 + Level 1.1 Dodging
 - Level 4.9 Shields
 * Level 5.4 Invocations


You had 9 spell levels left.
You didn't know any spells.
Your spell library contained the following spells:

 Spells                   Type           Power      Damage    Failure   Level
 Sandblast                Erth           0%         2d4       99%         1
 Lesser Beckoning         Tloc           0%         N/A       100%        2
 Passwall                 Tmut/Erth      0%         N/A       100%        2
 Gell's Gravitas          Tloc           0%         N/A       100%        3
 Stone Arrow              Conj/Erth      0%         3d7       100%        3
 Teleport Other           Tloc           0%         N/A       100%        3


Dungeon Overview and Level Annotations

Branches:
Dungeon (8/15)             Temple (1/1) D:4
   Lair: D:8-11

Altars:
Ashenzari
Cheibriados
Elyvilon
Fedhas
Hepliaklqana
Nemelex Xobeh
Okawaru
Qazlal
Sif Muna
Uskayaw
Vehumet
Wu Jian
The Shining One

Shops:
D:7 [[

Annotations:
D:8 Erica


Innate Abilities, Weirdness & Mutations

You have a pair of horns on your head.
You reflexively headbutt those who attack you in melee.


Message History

* * * LOW HITPOINT WARNING * * *
You feel sick.
You feel better. Something hits you!
* * * LOW HITPOINT WARNING * * *
Something burns you.
* * * LOW HITPOINT WARNING * * *
You hit something. Your headbutt misses something. Something hits you.
* * * LOW HITPOINT WARNING * * *
Something burns you.
* * * LOW HITPOINT WARNING * * *
You feel much better.
You hear some strange, mumbled words.
You are confused.
You feel better. Something hits you. Something burns you.
You barely miss something. Your headbutt misses something. Something hits you!
Something burns you.
* * * LOW HITPOINT WARNING * * *
You barely miss something. Your headbutt misses something.
You barely miss something. Your headbutt misses something.
You hear some strange, mumbled words.
A bolt of poison appears from out of thin air!
The bolt of poison hits you!!
You are poisoned.
* * * LOW HITPOINT WARNING * * *
You feel better. Something hits you but does no damage.
You fade into invisibility!
Something hits you!
* * * LOW HITPOINT WARNING * * *
Something burns you.
* * * LOW HITPOINT WARNING * * *
You feel better.
You hear the steady creaking of a portcullis nearby.
Something hits you.
* * * LOW HITPOINT WARNING * * *
Something burns you.
* * * LOW HITPOINT WARNING * * *
You feel protected. Something hits you.
You die...
Your body disappears without a glow.

#...#...# #.# #...#...#
#.# #...#...# #.#
#...#...# #.#
#...#...########### #.#
#...#.............#
#...#.............#
#...####..........# #...#
#..{@......###
##.#####.............
#######.##................
........##.....##.####....
......####...[.##.# ...
..###.# #...$.##.#
..###.####..... #.#
..##....##.... #?#
..##....##... #.#


There were no monsters in sight!

Vanquished Creatures
  Amaemon (D:8)
  An orange demon (D:8)
  Grinder (D:6)
  A steam dragon (D:4)
  Menkaure (D:6)
  Duvessa (D:6)
  An orc warrior (D:7)
  A sky beast (D:7)
  An ice beast (D:5)
  A black bear (D:5)
  2 ogres (D:6)
  A phantom (D:5)
  2 kobold brigands
  A bullfrog (D:6)
  5 wights
  Dowan (D:6)
  3 killer bees (D:8)
  7 hounds
  A gnoll bouda (D:4)
  2 iguanas
  2 jellies
  4 orc priests (D:7)
  Ijyb (D:5)
  2 sleepcaps
  3 orc wizards
  Robin (D:5)
  9 gnolls
  16 adders
  2 shadow imps
  A white imp (D:5)
  An ufetubus (D:4)
  2 worms
  4 dart slugs
  18 orcs
  7 ball pythons
  6 bats
  5 endoplasms
  2 giant cockroaches (D:2)
  5 goblins
  9 hobgoblins
  9 quokkas
  3 frilled lizards
  18 kobolds
  9 rats
174 creatures vanquished.

Vanquished Creatures (collateral kills)
  An orc warrior (D:7)
  A sky beast (D:7)
  A bullfrog (D:8)
  6 wights (D:8)
  3 killer bees (D:8)
  An orc priest (D:7)
  3 orc wizards (D:7)
  2 orcs (D:7)
18 creatures vanquished.

Grand Total: 192 creatures vanquished

Notes
Turn   | Place    | Note
-------+----------+-------------------------------------------
     0 | D:1      | Dawnplanks the Minotaur Fighter began the quest for the
                  | Orb.
     0 | D:1      | Reached XP level 1. HP: 19/19 MP: 0/0
    54 | D:1      | Reached XP level 2. HP: 10/27 MP: 1/1
   499 | D:1      | Reached XP level 3. HP: 33/33 MP: 0/2
   977 | D:2      | Noticed an eye of devastation
   979 | D:2      | Found a faded altar of an unknown god.
   981 | D:2      | Noticed a golden eye
   981 | D:2      | Noticed a floating eye
   981 | D:2      | Noticed an eye of devastation
  1174 | D:2      | Reached XP level 4. HP: 41/41 MP: 1/3
  2036 | D:3      | Reached XP level 5. HP: 28/47 MP: 1/4
  2439 | D:4      | Found a blossoming altar of Fedhas.
  2553 | D:4      | Reached skill level 5 in Armour
  2609 | D:4      | Noticed a steam dragon
  2615 | D:4      | Reached skill level 5 in Fighting
  2617 | D:4      | Reached XP level 6. HP: 31/56 MP: 1/5
  2629 | D:4      | Killed a steam dragon
  2630 | D:4      | Reached skill level 5 in Maces & Flails
  2934 | D:4      | Found an ornate altar of the Wu Jian Council.
  3122 | D:4      | Found a staircase to the Ecumenical Temple.
  3137 | Temple   | Entered the Ecumenical Temple
  3221 | Temple   | Became a worshipper of Nemelex Xobeh the Trickster
  3299 | D:4      | Reached XP level 7. HP: 61/61 MP: 2/6
  3613 | D:5      | Entered Level 5 of the Dungeon
  3719 | D:5      | Reached skill level 1 in Invocations
  3921 | D:5      | Noticed Ijyb
  3930 | D:5      | Noticed Robin
  3947 | D:5      | Killed Robin
  4382 | D:5      | Reached * piety under Nemelex Xobeh
  4655 | D:5      | Killed Ijyb
  4812 | D:6      | Reached XP level 8. HP: 70/70 MP: 2/8
  5020 | D:6      | Noticed Grinder
  5051 | D:6      | Killed Grinder
  5360 | D:6      | Noticed Duvessa
  5360 | D:6      | Noticed Menkaure
  5365 | D:6      | Noticed Dowan
  5366 | D:6      | Killed Menkaure
  5380 | D:6      | Killed Duvessa
  5392 | D:6      | Killed Dowan
  5426 | D:6      | Reached XP level 9. HP: 78/78 MP: 3/10
  6207 | D:7      | Received a gift from Nemelex Xobeh
  6319 | D:7      | Found Mawue's Armour Boutique.
  6348 | D:7      | Found Beol's Antique Armour Shoppe.
  6566 | D:7      | Reached ** piety under Nemelex Xobeh
  6854 | D:8      | Reached skill level 10 in Maces & Flails
  6869 | D:8      | Reached skill level 5 in Invocations
  7119 | D:8      | Noticed Amaemon
  7122 | D:8      | Noticed an orange demon
  7127 | D:8      | Noticed Erica
  7131 | D:8      | Killed Amaemon
  7132 | D:8      | Reached skill level 10 in Armour
  7132 | D:8      | Reached skill level 1 in Dodging
  7132 | D:8      | Reached XP level 10. HP: 58/88 MP: 4/12
  7195 | D:8      | Killed an orange demon
  7197 | D:8      | HP: 4/88 [something (3)]
  7202 | D:8      | HP: 4/88 [something/bolt of poison (20)]
  7206 | D:8      | Slain by Erica

Illustrated notes

Levels and vault maps discovered:
D:1:      tekkud_arrival_beachfront_property, layout_basic
D:2:      layout_loops_corners, hellmonk_ecumenical_altar_watching_god,
          hangedman_abyss_or_decor_stabs
D:3:      layout_basic, minmay_randomly_rotated_circles
D:4:      layout_basic, marbit_many_paths, mainiacjoe_overflow_alcove_2,
          minmay_temple_entry_slanted
D:5:      layout_layer_cave, nicolae_goblin_pals
D:6:      layout_basic, uniq_duvessa, uniq_menkaure, uniq_grinder
D:7:      layout_gridville, serial_shops, kennysheep_mini, shop
D:8:      layout_basic, enter_bailey_2, uniq_erica, uniq_amaemon
Temple:   bh_familiar_temple

Skill      XL: |  1  2  3  4  5  6  7  8  9 |
---------------+----------------------------+-----
Fighting       | 4 5 6 8 |  8.2
Shields        | 4 |  4.9
Armour         | 4 5 6 7 8 10 | 10.1
Maces & Flails | 3 4 5 6 8 10 | 10.9
Invocations    | 2 3 5 |  5.4
Dodging        | 1 |  1.1

Action                     |  1- 3 |  4- 6 |  7- 9 | 10-12 || total
---------------------------+-------+-------+-------+-------++-------
  Melee: Flail             |    16 |       |       |       ||    16
         Headbutt          |     4 |    24 |    47 |     4 ||    79
         Whip              |    55 |   155 |   331 |    16 ||   557
 Invoke: Draw Destruction  |       |       |     5 |       ||     5
         Draw Summoning    |       |       |     2 |       ||     2
         Draw Escape       |       |       |       |     2 ||     2
  Evoke: Wand              |       |       |     6 |       ||     6
    Use: Potion            |       |     1 |     1 |     7 ||     9
         Scroll            |       |       |     9 |       ||     9
 Armour: Scale mail        |     6 |       |       |       ||     6
         Plate armour      |    27 |    74 |   150 |     8 ||   259
  Dodge: Dodged            |    27 |    34 |    68 |     4 ||   133
  Block: Buckler           |    22 |    30 |    48 |     3 ||   103

Table legend: (Time is in decaauts)
 A = Elapsed time spent in this place.
 B = Non-inter-level travel time spent in this place.
 C = Inter-level travel time spent in this place.
 D = Time resting spent in this place.
 E = Time spent auto-exploring this place.
 F = Levels seen in this place.
 G = Mean time per level.
                   A        B        C        D        E       F      G
               +--------+--------+--------+--------+--------+-----+--------+
         Total |   7102 |   6745 |    357 |     77 |   5539 |   9 |  789.1 |
       Dungeon |   6986 |   6663 |    323 |     77 |   5461 |   8 |  873.2 |
        Temple |    115 |     81 |     34 |      0 |     78 |   1 |  115.0 |
               +--------+--------+--------+--------+--------+-----+--------+

Top non-repeatable levels by time:
     D:6: 1358 daAuts
     D:5: 1177 daAuts
     D:4: 1051 daAuts
     D:2: 865 daAuts
     D:3: 825 daAuts
     D:1: 741 daAuts
     D:7: 612 daAuts
     D:8: 354 daAuts
  Temple: 115 daAuts
